 Dungeon Crawl Stone Soup version 0.30.1 (webtiles) character file.

Game seed: 7650998842597324311

108966 croobank the Grand Scion (level 16, -3/101 HPs)
             Began as an Octopode Summoner on July 5, 2023.
             Was a High Priest of Hepliaklqana.
             Killed by divine providence
             ... invoked by an orc priest
              (15 damage)
             ... on level 1 of the Orcish Mines.
             The game lasted 01:40:20 (22582 turns).

croobank the Grand Scion (Octopode Summoner)       Turns: 22582, Time: 01:40:21

Health: -3/101     AC:  3    Str:  8    XL:     16   Next: 51%
Magic:  2/30       EV: 19    Int: 30    God:    Hepliaklqana [*****.]
Gold:   3453       SH:  4    Dex: 16    Spells: 5/35 levels left

rFire   . . .        a - +6 trident (vamp)
rCold   + + .        e - +1 buckler of Vyah {rElec rC- Regen+ Dex+3}
rNeg    . . .        u - +2 hat
rPois   .            (no amulet)
rElec   +            l - ring of willpower
rCorr   +            q - ring of protection from cold
SInv    +            p - ring of protection from cold
Will    ++...        B - ring of resist corrosion
Stlth   ++++         N - +6 ring of intelligence
HPRegen 1.16/turn    Q - ring of see invisible
MPRegen 0.22/turn    W - ring of protection from cold
                     S - ring of flight

%: no passive effects
@: lethally poisoned (-3 -> -6), flying
A: reduced essence, almost no armour, amphibious, 8 rings, camouflage 1,
gelatinous body 1, (nimble swimmer 1), tentacles
a: Renounce Religion, Recall Ancestor, Ancestor Identity, Transference, Idealise


You were on level 1 of the Orcish Mines.
You worshipped Hepliaklqana.
Hepliaklqana was extremely pleased with you.
You visited 4 branches of the dungeon, and saw 21 of its levels.
You also visited: Ice Cave.

You collected 3453 gold pieces.

Inventory:

Hand Weapons
 a - a +6 vampiric trident (weapon)
 b - a +1 vampiric dagger
 y - a +2 dagger of venom
 G - a +0 scimitar
 R - a -1 demon whip of venom
 V - a +3 hand axe of flaming
Missiles
 z - 2 curare-tipped darts
Armour
 e - the +1 buckler of Vyah (worn) {rElec rC- Regen+ Dex+3}
   (You acquired it on level 7 of the Dungeon)

   Dex:       It affects your dexterity (+3).
   rC:        It makes you vulnerable to cold.
   rElec:     It insulates you from electricity.
   Regen:     It increases your rate of health regeneration.
 u - a +2 hat (worn)
Jewellery
 h - a +6 ring of dexterity
 l - a ring of willpower (left tentacle)
 p - a ring of protection from cold (on tentacle)
 q - a ring of protection from cold (right tentacle)
 B - a ring of resist corrosion (on tentacle)
 H - a ring of protection from cold
 J - a ring of ice
 M - a ring of positive energy
 N - a +6 ring of intelligence (on tentacle)
 Q - a ring of see invisible (on tentacle)
 S - a ring of flight (on tentacle)
 W - a ring of protection from cold (on tentacle)
Wands
 v - a wand of charming (12)
 x - a wand of flame (44)
 F - a wand of mindburst (31)
 L - a wand of light (8)
 X - a wand of polymorph (9)
Scrolls
 c - 8 scrolls of teleportation
 i - 2 scrolls of amnesia
 m - a scroll of enchant armour
 o - 5 scrolls of fear
 s - 2 scrolls of butterflies
 E - a scroll of magic mapping
 I - 2 scrolls of identify
 K - a scroll of fog
 U - a scroll of vulnerability
Potions
 d - 2 potions of invisibility
 f - 3 potions of flight
 g - 3 potions of brilliance
 j - 3 potions of ambrosia
 k - 11 potions of curing
 n - 2 potions of heal wounds
 r - 2 potions of attraction
 t - 5 potions of magic
 w - 5 potions of might
 A - 2 potions of mutation
 T - 2 potions of lignification
Miscellaneous
 C - a piece from Xom's chessboard (15/15)
 D - a phial of floods


   Skills:
 + Level 11.4 Fighting
 + Level 11.6 Dodging
 - Level 5.6 Stealth
 - Level 10.0 Spellcasting
 - Level 5.0 Hexes
 - Level 10.0 Summonings
 * Level 6.5 Transmutations
 - Level 7.9 Air Magic
 - Level 7.0 Earth Magic
 + Level 11.7 Invocations


You had 5 spell levels left.
You knew the following spells:

 Your Spells              Type           Power      Damage    Failure   Level
a - Summon Small Mammal   Summ           100%       N/A       1%          1
b - Call Imp              Summ           100%       N/A       1%          2
c - Call Canine Familiar  Summ           66%        N/A       1%          3
d - Summon Guardian Gole  Hex/Summ       56%        N/A       1%          3
e - Summon Lightning Spi  Summ/Air       62%        N/A       1%          4
f - Blink                 Tloc           30%        N/A       9%          2
g - Airstrike             Air            29%        2d(5-21)  2%          4
h - Lee's Rapid Deconstr  Erth           27%        3d14*     9%          5
i - Statue Form           Tmut/Erth      35%        N/A       47%         6

Your spell library contained the following spells:

 Spells                   Type           Power      Damage    Failure   Level
 Shock                    Conj/Air       100%       1d9       1%          1
 Static Discharge         Conj/Air       76%        2-6/arc   1%          2
 Swiftness                Air            58%        N/A       1%          3
 Confusing Touch          Hex            45%        N/A       2%          3
 Tukima's Dance           Hex            45%        N/A       2%          3
 Ensorcelled Hibernation  Hex/Ice        60%        N/A       3%          2
 Spider Form              Tmut/Pois      34%        N/A       4%          3
 Leda's Liquefaction      Hex/Erth       25%        N/A       4%          4
 Apportation              Tloc           30%        N/A       5%          1
 Kiss of Death            Conj/Necr      60%        2d10      5%          1
 Necrotise                Necr           60%        1d7       5%          1
 Dazzling Flash           Conj/Hex       60%        N/A       6%          3
 Portal Projectile        Hex/Tloc       60%        N/A       6%          3
 Lesser Beckoning         Tloc           30%        N/A       9%          2
 Momentum Strike          Conj/Tloc      30%        3d8       9%          2
 Blade Hands              Tmut           26%        N/A       11%         5
 Ozocubu's Armour         Ice            15%        N/A       17%         3
 Vampiric Draining        Necr           15%        2d7       17%         3
 Volatile Blastmotes      Fire/Tloc      30%        2d12      17%         3
 Anguish                  Hex/Necr       15%        N/A       21%         4
 Alistair's Intoxication  Tmut/Pois      22%        N/A       38%         5
 Dispel Undead            Necr           15%        3d10      50%         4
 Iskenderun's Mystic Bla  Conj/Tloc      15%        2d5       50%         4
 Metabolic Englaciation   Hex/Ice        15%        N/A       50%         5
 Agony                    Necr           15%        N/A       83%         5
 Simulacrum               Ice/Necr       7%         N/A       100%        6
 Starburst                Conj/Fire      7%         6d4       100%        6


Dungeon Overview and Level Annotations

Branches:
Dungeon (13/15)            Temple (1/1) D:4            Lair (5/5) D:10
 Shoals (0/4) Lair:3       Spider (0/4) Lair:2        Slime (0/5) Lair:5
    Orc (2/2) D:9           IceCv (visited)
    Elf: Orc:2       Vaults: D:13-14

Altars:
Ashenzari
Cheibriados
Dithmenos
Elyvilon
Fedhas
Gozag
Hepliaklqana
Kikubaaqudgha
Makhleb
Nemelex Xobeh
Okawaru
Qazlal
Ru
Sif Muna
Trog
Uskayaw
Vehumet
Wu Jian
Xom
Yredelemnul
Zin
The Shining One
Jiyva

Shops:
D:3 [   Orc:2 (

Portals:
Trove: D:10 (show abyssal rune of Zot)

Annotations:
D:8 1 runed translucent door, Mig's ghost, novice TrBe
D:9 exclusion: obsidian statue
D:11 2 transporters
Lair:2 3 runed translucent doors, Gorgondantess's ghost, journeyman DgRe; salammoniac's ghost, journeyman DsEE; suzumiya's ghost, journeyman TrGl; turdburglar's ghost, journeyman GrEE


Innate Abilities, Weirdness & Mutations

Your life essence is reduced to manifest your ancestor. (-10% HP)
You cannot wear most types of armour.
You are amphibious.
You can wear up to eight rings at the same time.
Your skin changes colour to match your surroundings (Stealth+).
Your rubbery body absorbs attacks. (AC +1, EV +1)
((You are camouflaged when in or above water. (Stealth+)))
You have tentacles for arms and can constrict up to eight enemies at once.


Message History

Your butterfly disappears in a burst of colours!
The orc closely misses your butterfly. The orc barely misses your butterfly.
An orc priest comes into view. It is wielding a +0 hand axe.
The orc wizard hits your butterfly with a +0 dagger.
Your butterfly dies!
Your butterfly disappears in a burst of colours!
The orc hits your butterfly with a +2 short sword of holy wrath!
Your butterfly dies!
Your butterfly disappears in a burst of colours!
The orc misses your butterfly.
The orc priest invokes the aid of Beogh against you.
Beogh smites you!
* * * LOW HITPOINT WARNING * * *
The orc wizard casts a spell.
The orc wizard flickers and vanishes for a moment.
The ogre hits your butterfly with a +0 giant club!!
Your butterfly dies!
Your butterfly disappears in a burst of colours!
The orc hits your butterfly with a +0 flail.
Your butterfly dies!
Your butterfly disappears in a burst of colours!
Aiming: Charm
Press: ? - help, Shift-Dir - straight line, f - orc
Aim: an orc, wielding a +0 short sword (ally target, chance to affect: 66%)
The orc is charmed.
You feel very sick. The orc closely misses your butterfly.
The orc hits your butterfly with a +0 hand axe.
Your butterfly dies!
Your butterfly disappears in a burst of colours!
The orc hits your butterfly with a +0 hand axe.
Your butterfly dies!
Your butterfly disappears in a burst of colours!
The orc barely misses your butterfly.
The orc warrior closely misses your butterfly.
An orc warrior comes into view. It is wielding a +0 mace.
The orc wizard closely misses your butterfly.
The orc priest invokes the aid of Beogh against you.
Beogh smites you!
You die...

######## #
#.##..#.b.##.##
....Obobobb...#
#..boob>@.bbo#
....obbbbb..b#


#b.bbbbbbbbb..# ....bbobbbbboo# #..oo#..bo#.ooo. #....##ob..##..# ...b ......
..o ..#. ...#.## .# You could see 3 orc warriors, an ogre (ally target), 3 orc
priests, 3 orc wizards, 7 orcs and a friendly orc (charmed, ally target).

Vanquished Creatures
  A hydra (Lair:4)
  A death yak (Lair:5)
  2 kobold demonologists (D:12)
  A polar bear (Lair:5)
  2 blink frogs
  4 yaks
  A steam dragon (D:9)
  A vampire mosquito (D:10)
  2 water moccasins
  4 orc warriors
  2 ice beasts
  A sky beast (D:4)
  An ogre (Orc:2)
  A centaur (D:9)
  6 wolves
  4 bullfrogs
  A wyvern zombie (D:5)
  2 killer bees (D:10)
  A howler monkey (D:12)
  2 hounds (D:4)
  2 orc priests
  A sleepcap (D:7)
  Jessica (D:2)
  A gnoll bouda (D:5)
  2 iguanas
  3 orc wizards
  2 adders
  14 orcs
  7 ball pythons
  6 endoplasms
  4 giant cockroaches
  6 goblins
  3 hobgoblins
  2 jackals (D:5)
  8 kobolds
  4 quokkas (D:4)
  3 bats
  4 frilled lizards
  7 rats
120 creatures vanquished.

Vanquished Creatures (collateral kills)
  Kirke (Lair:4)
  An orc warlord (Orc:1)
  A hydra (Lair:5)
  A two-headed ogre (D:12)
  2 ironbound frosthearts (IceCv)
  5 death yaks
  Amaemon (D:11)
  A skyshark (Lair:5)
  An orc knight (Orc:2)
  A necromancer (Lair:2)
  2 wolf spiders
  An orc sorcerer (Orc:1)
  3 oklob plants (Lair:5)
  An ugly thing (IceCv)
  2 cyclopes (D:11)
  2 manticores
  A merfolk siren (Lair:3)
  9 elephants
  An ice statue (IceCv)
  An orange demon (D:11)
  4 cane toads
  2 rime drakes
  12 komodo dragons
  2 trolls
  A merfolk (Lair:3)
  18 polar bears
  A raiju (Lair:5)
  4 blink frogs
  A jumping spider (Lair:2)
  7 wyverns
  A wraith (D:11)
  A shadow (D:9)
  39 yaks
  2 hogs (Lair:4)
  A steam dragon (D:7)
  Grum (D:11)
  4 basilisks
  2 redbacks (Lair:2)
  A vampire mosquito (D:10)
  5 wargs
  16 hell hounds (Lair:5)
  13 water moccasins
  12 orc warriors
  The ghost of Perinia the Trooper, an amateur MiBe of Trog (D:3)
  7 ogres
  12 black bears
  A battlemage (Lair:5)
  31 wolves
  3 kobold brigands
  5 bullfrogs
  3 scorpions (D:6)
  5 killer bees (D:10)
  A howler monkey (D:10)
  An electric eel (Lair:4)
  A lava snake (D:13)
  A centaur zombie (D:5)
  2 jellies
  An iron imp (D:12)
  3 orc priests
  A sleepcap (D:4)
  2 iguanas
  6 orc wizards
  2 polar bear simulacra (Lair:2)
  2 wolf simulacra (Lair:2)
  3 yak simulacra (Lair:2)
  3 adders
  5 gnolls
  A worm zombie (D:6)
  A dart slug (D:1)
  37 orcs
  6 endoplasms
  4 giant cockroaches (D:1)
  5 goblins
  2 hobgoblins (D:6)
  5 jackals (D:1)
  3 ball pythons
  2 frilled lizards
  16 kobolds
  5 rats (D:1)
  A river rat simulacrum (Lair:2)
378 creatures vanquished.

Vanquished Creatures (others)
  Nessos (Lair:5)
  Snorg (Lair:5)
  A two-headed ogre (D:11)
  3 death yaks
  The ghost of Triangle the Poker, a novice FoFi (D:6)
  The ghost of middlethird the Grappler, a novice VSRe of Dithmenos (D:6)
  A cyclops (D:12)
  A black mamba (Lair:5)
  5 polar bears
  2 humans (Lair:4)
  3 yaks
  5 vampire mosquitoes (D:10)
  A water moccasin (Lair:3)
  A black bear (Lair:5)
  2 ice beasts
  A wolf (IceCv)
  A centaur (D:12)
  2 kobold brigands (D:6)
  A bullfrog (Lair:1)
  A gnoll sergeant (D:10)
  A scorpion (D:6)
  3 wights (D:9)
  2 killer bees (D:10)
  5 orc priests
  5 ancestors
  13 battlemagi
  A polar bear simulacrum (Lair:2)
  A wolf simulacrum (Lair:2)
  2 gnolls
  6 orcs
  2 kobolds (D:6)
  A river rat simulacrum (Lair:2)
77 creatures vanquished.

Grand Total: 575 creatures vanquished

Notes
Turn   | Place    | Note
-------+----------+-------------------------------------------
     0 | D:1      | croobank the Octopode Summoner began the quest for the Orb.
     0 | D:1      | Reached XP level 1. HP: 11/11 MP: 3/3
     3 | D:1      | Found a runed translucent door.
     4 | D:1      | Noticed a jelly
   141 | D:1      | Reached XP level 2. HP: 17/17 MP: 1/5
   195 | D:1      | Learned a level 2 spell: Call Imp
   398 | D:1      | Found a faded altar of an unknown god.
   623 | D:1      | Reached XP level 3. HP: 21/21 MP: 6/6
   627 | D:1      | Learned a level 3 spell: Call Canine Familiar
  1448 | D:2      | Noticed Jessica
  1452 | D:2      | Killed Jessica
  1453 | D:2      | Reached XP level 4. HP: 27/27 MP: 7/7
  1948 | D:3      | Reached XP level 5. HP: 31/31 MP: 6/9
  2129 | D:3      | Found Ofoenn's Antique Armour Boutique.
  2179 | D:3      | Noticed an ogre
  2211 | D:3      | Killed an ogre
  2212 | D:3      | Reached skill level 5 in Stealth
  2212 | D:3      | Reached XP level 6. HP: 31/36 MP: 3/10
  2216 | D:3      | Learned a level 3 spell: Summon Guardian Golem
  2432 | D:3      | Reached skill level 5 in Summonings
  2858 | D:3      | Found a runed translucent door.
  2858 | D:3      | Noticed Perinia's ghost (amateur MiBe)
  2894 | D:3      | Killed Perinia's ghost
  3314 | D:4      | Found a staircase to the Ecumenical Temple.
  3327 | D:4      | Reached skill level 1 in Hexes
  3335 | D:4      | Noticed a sky beast
  3343 | D:4      | Killed a sky beast
  3344 | D:4      | Reached XP level 7. HP: 42/42 MP: 3/12
  3349 | D:4      | Learned a level 4 spell: Summon Lightning Spire
  3494 | Temple   | Entered the Ecumenical Temple
  4039 | D:4      | Reached skill level 1 in Air Magic
  4723 | D:5      | Entered Level 5 of the Dungeon
  4791 | D:5      | Reached XP level 8. HP: 38/47 MP: 1/14
  5110 | D:5      | Found a bloodstained altar of Trog.
  5337 | D:5      | Found a sacrificial altar of Ru.
  5450 | D:5      | Found a basalt altar of Yredelemnul.
  5828 | D:6      | Reached skill level 5 in Air Magic
  5968 | D:6      | Found a white marble altar of Elyvilon.
  6134 | D:6      | Found a runed translucent gate.
  6134 | D:6      | Found a runed translucent gate.
  6134 | D:6      | Found a runed translucent gate.
  6181 | D:6      | Reached XP level 9. HP: 52/52 MP: 15/15
  7093 | D:6      | Noticed middlethird's ghost (novice VSRe)
  7093 | D:6      | Noticed Triangle's ghost (novice FoFi)
  7162 | D:7      | Found a blossoming altar of Fedhas.
  7188 | D:7      | Reached skill level 1 in Fighting
  7418 | D:7      | Identified a scroll of acquirement
  7418 | D:7      | Acquired the +1 buckler of Vyah {rElec rC- Regen+ Dex+3}
  7646 | D:7      | Found a hazy altar of Hepliaklqana.
  7665 | D:7      | Became a worshipper of Hepliaklqana the Forgotten
  8103 | D:8      | Found a runed translucent door.
  8105 | D:8      | Noticed Mig's ghost (novice TrBe)
  8106 | D:8      | Identified the +5 spear of Gallantry {protect, rElec Will+
                  | Dex-3}
  8164 | D:8      | Reached skill level 1 in Invocations
  8896 | D:6      | Killed middlethird's ghost
  8897 | D:6      | Reached skill level 5 in Spellcasting
  8897 | D:6      | Reached XP level 10. HP: 63/63 MP: 4/17
  8904 | D:6      | Killed Triangle's ghost
  8905 | D:6      | Reached skill level 5 in Dodging
  9164 | D:9      | Noticed an obsidian statue
  9297 | D:9      | Found a radiant altar of Vehumet.
  9622 | D:9      | Reached * piety under Hepliaklqana
  9643 | D:9      | Found a snail-covered altar of Cheibriados.
  9783 | D:9      | Found an opulent altar of Gozag.
 10082 | D:9      | Found a hide-covered altar of Uskayaw.
 10232 | D:9      | Found a staircase to the Orcish Mines.
 10325 | D:10     | Entered Level 10 of the Dungeon
 10407 | D:10     | Reached skill level 5 in Fighting
 10550 | D:10     | Reached skill level 5 in Hexes
 11204 | D:10     | Found a staircase to the Lair.
 11467 | D:10     | Reached XP level 11. HP: 47/64 MP: 11/20
 11625 | D:10     | Found a portal to a secret trove of treasure.
 11662 | D:11     | Noticed a cyclops
 11677 | D:11     | Killed a cyclops
 11782 | D:11     | Noticed a cyclops
 11789 | D:11     | Killed a cyclops
 11872 | D:11     | Found a transporter.
 11951 | D:11     | Reached ** piety under Hepliaklqana
 12153 | D:11     | Remembered your ancestor Tenoch as a battlemage
 12206 | D:11     | You fall into a shaft and drop 2 floors!
 12329 | D:12     | Noticed a two-headed ogre
 12341 | D:12     | Killed a two-headed ogre
 12342 | D:12     | Reached skill level 5 in Invocations
 12432 | D:12     | Noticed a manticore
 12489 | D:11     | Noticed a two-headed ogre
 12498 | D:11     | Killed a two-headed ogre
 12546 | D:11     | Found a transporter.
 12656 | D:11     | Noticed Grum
 12661 | D:11     | Killed Grum
 12664 | D:11     | Noticed Amaemon
 12702 | D:11     | Killed Amaemon
 13243 | D:12     | Killed a manticore
 13341 | D:12     | Found a snail-covered altar of Cheibriados.
 13510 | D:12     | Noticed a sixfirhy
 13633 | D:12     | Noticed a cyclops
 13642 | D:12     | Killed a cyclops
 13981 | Lair:1   | Entered Level 1 of the Lair of Beasts
 13996 | Lair:1   | Reached XP level 12. HP: 72/72 MP: 9/23
 14146 | Lair:1   | Reached *** piety under Hepliaklqana
 15684 | Lair:2   | Reached **** piety under Hepliaklqana
 15724 | Lair:2   | Found a runed translucent gate.
 15726 | Lair:2   | Found a runed translucent gate.
 15726 | Lair:2   | Found a runed translucent gate.
 15727 | Lair:2   | Noticed Gorgondantess's ghost (journeyman DgRe)
 15728 | Lair:2   | Noticed salammoniac's ghost (journeyman DsEE)
 15728 | Lair:2   | Noticed suzumiya's ghost (journeyman TrGl)
 15728 | Lair:2   | Noticed turdburglar's ghost (journeyman GrEE)
 15815 | Lair:2   | Found a hole to the Spider Nest.
 16506 | Lair:3   | Found a staircase to the Shoals.
 16889 | Lair:3   | Reached XP level 13. HP: 68/80 MP: 25/25
 17067 | Lair:3   | Reached skill level 10 in Summonings
 17374 | Lair:4   | Noticed Kirke
 17379 | Lair:4   | Killed Kirke
 17382 | Lair:4   | Found a frozen archway.
 17403 | IceCv    | Entered an ice cave
 17514 | IceCv    | Reached ***** piety under Hepliaklqana
 17537 | IceCv    | Learned a level 2 spell: Blink
 17839 | IceCv    | Learned a level 4 spell: Airstrike
 18617 | IceCv    | Reached skill level 10 in Dodging
 18800 | IceCv    | Reached XP level 14. HP: 88/88 MP: 27/27
 18801 | IceCv    | Reached XP level 15. HP: 92/92 MP: 28/28
 18809 | IceCv    | Learned a level 6 spell: Statue Form
 18815 | IceCv    | Learned a level 5 spell: Lee's Rapid Deconstruction
 18837 | Lair:4   | Acquired 1263 gold pieces
 19469 | Lair:4   | Reached skill level 10 in Invocations
 19813 | Lair:5   | Entered Level 5 of the Lair of Beasts
 19853 | Lair:5   | Reached skill level 10 in Fighting
 19974 | Lair:5   | Reached skill level 10 in Spellcasting
 20068 | Lair:5   | Reached XP level 16. HP: 98/98 MP: 22/30
 20763 | Lair:5   | Noticed Snorg
 20776 | Lair:5   | Killed Snorg
 21013 | Lair:5   | Noticed Nessos
 21044 | Lair:5   | Killed Nessos
 21264 | Lair:5   | Found a viscous altar of Jiyva.
 21264 | Lair:5   | Found a staircase to the Slime Pits.
 21983 | Orc:1    | Entered Level 1 of the Orcish Mines
 22312 | Orc:2    | Entered Level 2 of the Orcish Mines
 22319 | Orc:2    | Found Rural's Antique Weapon Shoppe.
 22582 | Orc:1    | Killed from afar by an orc priest

Illustrated notes

Levels and vault maps discovered:
D:1:      dpeg_arrival_caged_fury, layout_basic,
          hellmonk_ecumenical_altar_inner_sanctum
D:2:      layout_basic, uniq_jessica
D:3:      layout_loops_ring, serial_shops, nicolae_shop_crystal,
          gammafunk_ghost_grave, minmay_crystal_water, serial_bayou_pond_a
D:4:      minmay_door_path, layout_basic, minmay_temple_entry_stoned_glass,
          serial_rivers, chequers_serial_rivers_room_b,
          chequers_serial_rivers_marsh, chequers_serial_rivers_micro_d,
          chequers_serial_rivers_room_a
D:5:      layout_cave_pools, mainiacjoe_overflow_alcove_1,
          nicolae_ru_path_of_blood, lemuel_zombie_altar_yredelemnul
D:6:      cheibrodos_thug_alley, layout_loops_corners,
          nicolae_elyvilon_peaceful_grove, enter_ossuary_3,
          gammafunk_ghost_cemetery
D:7:      layout_rooms, mainiacjoe_overflow_concentric_impassable,
          old_standard_altar, minmay_door_square, chequers_serial_rivers_marsh
D:8:      layout_rooms, ebering_ghost_funeral_grove
D:9:      layout_roguey, lemuel_round_altar, nicolae_gozag_seed_capital,
          marbit_many_paths, old_standard_altar, hiddenorc1_lemuel,
          minmay_protected_statue
D:10:     layout_roguey, lair_entry_dummy, enter_trove_3
D:11:     gammafunk_worm_tunnel, layout_loops_ring, uniq_grum, uniq_amaemon
D:12:     layout_small_grid, slow_altar_2
D:13:     minmay_the_grid_octo_2x2 [minmay_the_grid_octo_odd_swirl,
          minmay_the_grid_octo_fat_diamond, minmay_the_grid_octo_clover,
          minmay_the_grid_octo_prize_square_snowflake], layout_basic,
          erik_vaults_1, moated_statue
Temple:   nicolae_temple_godzebo
Lair:1:   layout_chaotic_city
Lair:2:   layout_gridlike, spider_nest_entry_funnel_web,
          gammafunk_ghost_cemetery, eino_house_with_fridge, grunt_megastairs_3
Lair:3:   layout_regular_city, elwin_shoals_entry_rooms,
          chequers_serial_rivers_micro_c, grunt_forest_small_clearings,
          chequers_serial_rivers_micro_a, grunt_megastairs_2,
          infiniplex_staircase_pool_2
Lair:4:   layout_concentric_octagons, portal_ice_cave_entry_pillars_1,
          serial_bayou_shore_a, uniq_kirke
Lair:5:   hangedman_lair_caniforms_friends, layout_hall_layers,
          minmay_slime_entry_oklob_open, infiniplex_staircase_pool, uniq_nessos,
          uniq_snorg
Orc:1:    nicolae_orc_accident_2, layout_caves
Orc:2:    grunt_orc_gardens, layout_caves, grunt_orc_garden, grunt_orc_garden,
          grunt_orc_garden, grunt_orc_garden, basic_altar

Skill      XL: |  1  2  3  4  5  6  7  8  9 10 11 12 13 14 15 16 |
---------------+-------------------------------------------------+-----
Stealth        | 3 4 5 |  5.6
Dodging        | 3 4 6 7 8 10 11 | 11.6
Spellcasting   | 3 4 5 6 7 8 9 10 | 10.0
Summonings     | 5 6 7 8 9 10 | 10.0
Hexes          | 1 2 4 5 |  5.0
Air Magic      | 2 6 7 |  7.9
Fighting       | 4 5 7 8 9 10 11 | 11.4
Invocations    | 2 4 6 8 9 10 11 | 11.7
Earth Magic    | 6 7 |  7.0
Transmutations | 6 |  6.5

Action                     |  1- 3 |  4- 6 |  7- 9 | 10-12 | 13-15 | 16-18 || total
---------------------------+-------+-------+-------+-------+-------+-------++-------
  Melee: Unarmed           |     6 |       |       |       |       |       ||     6
         Tentacles         |     7 |     7 |    37 |    38 |    26 |     7 ||   122
         Constrict         |     6 |    15 |    28 |    14 |    12 |     6 ||    81
         Short sword       |    27 |    62 |   114 |    21 |       |       ||   224
         Trident           |       |       |       |   104 |    39 |    39 ||   182
         Punch             |       |       |       |     4 |     3 |       ||     7
         Dagger            |       |       |       |     6 |       |       ||     6
         Hand axe          |       |       |       |       |    39 |       ||    39
   Cast: Summon Small Mamm |    24 |     9 |    10 |    15 |     6 |     1 ||    65
         Call Imp          |     6 |     8 |    17 |    12 |     4 |     1 ||    48
         Call Canine Famil |     2 |    13 |    34 |    36 |    25 |    15 ||   125
         Summon Guardian G |       |     1 |    25 |    33 |    20 |    15 ||    94
         Summon Lightning  |       |       |     6 |    39 |    25 |    34 ||   104
         Airstrike         |       |       |       |       |     1 |     6 ||     7
         Lee's Rapid Decon |       |       |       |       |     3 |     4 ||     7
         Blink             |       |       |       |       |       |     1 ||     1
 Invoke: Recall Ancestor   |       |       |       |     5 |     1 |       ||     6
         Ancestor Life: Ba |       |       |       |     1 |       |       ||     1
  Evoke: Wand              |       |       |       |       |     4 |     3 ||     7
    Use: Potion            |       |     1 |       |     1 |     4 |     1 ||     7
         Scroll            |       |     6 |     8 |    14 |     3 |     6 ||    37
   Stab: Sleeping          |    11 |     4 |     9 |     7 |       |       ||    31
         Distracted        |       |     1 |     2 |     2 |     1 |     2 ||     8
 Armour: Skin              |     1 |    14 |    23 |    18 |    17 |     5 ||    78
  Dodge: Dodged            |    18 |    47 |   103 |   123 |   114 |    65 ||   470
  Block: Buckler           |       |       |     4 |    32 |    22 |    16 ||    74
